 Dungeon Crawl Stone Soup version 0.30-a0-691-g754fce4c43 (webtiles) character file.

Game seed: 4221263257402603811

11 wormed the Ducker (level 2, -6/14 HPs)
             Began as a Felid Chaos Knight on Jan 20, 2023.
             Was a Plaything of Xom.
             Killed from afar by Natasha (17 damage)
             ... with a bolt of light
             ... on level 2 of the Dungeon.
             The game lasted 00:01:11 (878 turns).

wormed the Ducker (Felid Chaos Knight)               Turns: 878, Time: 00:01:12

Health: -6/14      AC:  1    Str:  8    XL:     2   Next: 17%
Magic:  3/3        EV: 18    Int: 13    God:    Xom [..*...]
Gold:   34         SH:  0    Dex: 15    Spells: 1/1 levels left
                                        Lives:  0   Deaths: 0

rFire   . . .      SeeInvis +      - Unarmed
rCold   . . .      Faith    .    (shield unavailable)
rNeg    . . .      Spirit   .    (body armour unavailable)
rPois   .          Reflect  .    (helmet unavailable)
rElec   .          Harm     .    (cloak unavailable)
rCorr   .          Rampage  .    (gloves unavailable)
Will    .....                    (boots unavailable)
Stlth   +                        (no amulet)
HPRegen 0.22/turn                (no ring)
MPRegen 0.08/turn                (no ring)

@: confused, weak-willed, quick
A: very small, claws 1, fangs 3, see invisible, speed 1, shaggy fur 1, stealthy
paws, no weapons or thrown items, no armour, multi-lived
a: Renounce Religion


You were on level 2 of the Dungeon.
You worshipped Xom.
You were a toy of Xom.
You visited 1 branch of the dungeon, and saw 2 of its levels.

You collected 74 gold pieces.
You spent 40 gold pieces at shops.

Inventory:

Scrolls
 e - a scroll of identify
Potions
 c - a potion of magic
 d - a potion of curing
 g - 2 potions of heal wounds
Miscellaneous
 a - a piece from Xom's chessboard (15/15) (quivered)


   Skills:
 + Level 3.2 Fighting
 + Level 3.5 Dodging
 + Level 3.2 Unarmed Combat


You had one spell level left.
You didn't know any spells.
Your spell library was empty.

Dungeon Overview and Level Annotations

Branches:
Dungeon (2/15)

Altars:

Shops:
D:1 *

Annotations:
D:2 Natasha


Innate Abilities, Weirdness & Mutations

You have sharp claws.
You have razor-sharp teeth.
You have supernaturally acute eyesight. (SInv)
You cover ground quickly. (Speed+)
You are covered in fur. (AC +1)
Your paws help you pounce on unaware monsters.
You are incapable of wielding weapons or throwing items.
You cannot wear armour.
You gain extra lives every three experience levels.


Message History

You aren't carrying any weapons that can be enchanted.
As you read the scroll labelled POWUTT TOEXTEL, it crumbles to dust.
It is a scroll of amnesia.
You feel forgetful for a moment.
As you read the scroll labelled NAJOFEOFOMN, it crumbles to dust.
You hear a loud clanging noise!
It was a scroll of noise.
Your surroundings suddenly seem different.
Okay, then.
There is an open door here.
There is a stone staircase leading down here.
You climb downwards.
Found 15 gold pieces.
Found a stone staircase leading up.
There is a stone staircase leading up here.
Your library has no spells.
You now have 34 gold pieces (gained 15).
A goblin comes into view. It is wielding a +0 club.
The goblin shouts!
You hear an angry hiss. x2
A goblin is nearby!
A goblin is nearby!
A goblin is nearby!
Found a short sword.
The goblin hits you with a +0 club.
You closely miss the goblin. The goblin closely misses you.
You barely miss the goblin.
An adder comes into view.
You closely miss the goblin. Your bite misses the goblin.
The goblin hits you but does no damage.
You scratch the goblin.
You kill the goblin!
Found a scroll labelled SYGRIW LICESAKK and a trident.
Natasha, Servant of Life and Death comes into view.
She is carrying a wand of light (7).
Things that are here:
a +0 club; a goblin corpse You see here a scroll labelled EDAUMN XOUGIR.
You completely miss the adder. The adder barely misses you.
Natasha zaps a wand.
The bolt of light hits you!
You are confused.
Ouch! That really hurt!
You die...
Xom chortles!

### #.. ).# #..### .
#h# #.... ..### #.#
#...# #.)..##.# #...#
........# #...#
.?#.....## #...#
......S@)###...######
..#..#..............###
# #..................
..................##
........#......#####
##......#.#....#
#......#.#<...#
#.######.#....# #.
#.#....##


You could see Natasha and an adder.

Vanquished Creatures
  A dart slug (D:1)
  A giant cockroach (D:1)
  2 goblins
  A quokka (D:1)
  4 frilled lizards (D:1)
  A kobold (D:1)
10 creatures vanquished.

Notes
Turn   | Place    | Note
-------+----------+-------------------------------------------
     0 | D:1      | wormed the Felid Chaos Knight began the quest for the Orb.
     0 | D:1      | Reached XP level 1. HP: 10/10 MP: 2/2
   192 | D:1      | Found Caseylo's General Store.
   200 | D:1      | Bought a scroll of identify for 20 gold pieces
   220 | D:1      | XOM: silly message
   249 | D:1      | XOM: potion effect (berserk rage)
   265 | D:1      | Reached XP level 2. HP: 14/14 MP: 3/3
   402 | D:1      | XOM: silly message
   828 | D:1      | Bought a scroll of identify for 20 gold pieces
   876 | D:2      | Noticed Natasha
   878 | D:2      | Killed from afar by Natasha

Illustrated notes

Levels and vault maps discovered:
D:1:      dpeg_arrival_simpleton_b, layout_basic, serial_shops, shop
D:2:      layout_loops_cross, uniq_natasha

Action                   || total
-------------------------++-------
Melee: Unarmed           ||    28
       Bite              ||     2
       Punch             ||     1
  Use: Scroll            ||     8
Armor: Skin              ||     3
Dodge: Dodged            ||    15

Table legend: (Time is in decaauts)
 A = Elapsed time spent in this place.
 B = Non-inter-level travel time spent in this place.
 C = Inter-level travel time spent in this place.
 D = Time resting spent in this place.
 E = Time spent auto-exploring this place.
 F = Levels seen in this place.
 G = Mean time per level.
                   A        B        C        D        E       F      G
               +--------+--------+--------+--------+--------+-----+--------+
         Total |    735 |    670 |     65 |      0 |    542 |   2 |  367.5 |
       Dungeon |    735 |    670 |     65 |      0 |    542 |   2 |  367.5 |
               +--------+--------+--------+--------+--------+-----+--------+

Top non-repeatable levels by time:
     D:1: 716 daAuts
     D:2: 19 daAuts
